EVO
UCLA BRUINS @ VANDERBILT UNIVERSITY COMMODORES
07/21/2048
 
TOP OF THE 1ST
UCLA Bruins batting - Pitching for Rice University Owls : RHP Manny Herrera
Pitching: RHP Manny Herrera
Batting: LHB Mark Cummings 0-0: Called Strike
0-1: Called Strike
0-2: Ball
1-2: Ball
2-2: Ball
3-2: Foul Ball, location: 2F
3-2: Strikes out looking
Batting: SHB Dan Trainer 0-0: Ball
1-0: Ball
2-0: Ball
3-0: Called Strike
3-1: Called Strike
3-2: Foul Ball, location: 2F
3-2: Foul Ball, location: 2F
3-2: Strikes out swinging
Batting: RHB Issac Konol 0-0: Called Strike
0-1: Swinging Strike
0-2: Strikes out swinging
Top of the 1st over - 0 runs, 0 hits, 0 errors, 0 left on base; UCLA 0 - Rice University 0
BOTTOM OF THE 1ST
Rice University Owls batting - Pitching for UCLA Bruins : RHP Billy McKinzie
Pitching: RHP Billy McKinzie
Batting: RHB Caleb Mercer 0-0: Ground out 5-3 (Groundball, 5, EV 86.9 MPH)
Batting: RHB Javier Quinones 0-0: Foul Ball, location: 2F
0-1: Called Strike
0-2: SINGLE (Groundball, 56S, EV 69.4 MPH) (infield hit)
Batting: RHB Jose Soto 0-0: Ball
1-0: Ball
2-0: SINGLE (Line Drive, 6D, EV 105.6 MPH)
Javier Quinones to second
Batting: SHB Ken Wilson 0-0: Ball
1-0: Fly out, F7 (Flyball, 7LM, EV 93.8 MPH)
Runner from 2nd tags up, SAFE at 3rd with throw by LF
Batting: RHB Neil Worth 0-0: Ball
1-0: Ball
2-0: Called Strike
2-1: Foul Ball, location: 2F
2-2: Ball
3-2: Foul Ball, location: 2F
3-2: Foul Ball, location: 2F
3-2: Base on Balls
Jose Soto to second
Batting: LHB Chris Gonzales 0-0: Ball
1-0: Foul Ball, location: 2F
1-1: Ball
2-1: Ball
3-1: Foul Ball, location: 2F
3-2: Fly out, F7 (Flyball, 7, EV 90.6 MPH)
Bottom of the 1st over - 0 runs, 2 hits, 0 errors, 3 left on base; UCLA 0 - Rice University 0
TOP OF THE 2ND
UCLA Bruins batting - Pitching for Rice University Owls : RHP Manny Herrera
Batting: RHB Andy Knerr 0-0: Ball
1-0: Fly out, F8 (Flyball, 8LD, EV 89.4 MPH)
Batting: LHB Luis Ortegon 0-0: Foul Ball, location: 2F
0-1: Ball
1-1: Called Strike
1-2: DOUBLE (Line Drive, 89D, EV 106.2 MPH)
Batting: RHB Dave Spradley 0-0: Called Strike
0-1: Ball
1-1: Called Strike
1-2: Ball
2-2: Foul Ball, location: 2F
2-2: Strikes out swinging
Batting: LHB Scott Mullett 0-0: Ball
1-0: Called Strike
1-1: Foul Ball, location: 2F
1-2: Ball
2-2: Strikes out swinging
Top of the 2nd over - 0 runs, 1 hit, 0 errors, 1 left on base; UCLA 0 - Rice University 0
BOTTOM OF THE 2ND
Rice University Owls batting - Pitching for UCLA Bruins : RHP Billy McKinzie
Batting: RHB Alex Alvarez 0-0: Ball
1-0: Ball
2-0: Fly out, F8 (Flyball, 89M, EV 91.9 MPH)
Batting: RHB Allen Jarvis 0-0: Ball
1-0: Called Strike
1-1: Ball
2-1: Called Strike
2-2: Foul Ball, location: 2F
2-2: Strikes out swinging
Batting: LHB Aldred Lieshout 0-0: Called Strike
0-1: Ball
1-1: Foul Ball, location: 2F
1-2: Ball
2-2: Foul Ball, location: 2F
2-2: SINGLE (Line Drive, 9S, EV 85.6 MPH)
Batting: RHB Caleb Mercer 0-0: Called Strike
0-1: Swinging Strike
0-2: Ball
1-2: Foul Ball, location: 2F
1-2: Strikes out swinging
Bottom of the 2nd over - 0 runs, 1 hit, 0 errors, 1 left on base; UCLA 0 - Rice University 0
TOP OF THE 3RD
UCLA Bruins batting - Pitching for Rice University Owls : RHP Manny Herrera
Batting: RHB Michael Alvarado 0-0: DOUBLE (Line Drive, 5D, EV 96.2 MPH)
Batting: RHB Ken Hillman 0-0: Ball
1-0: Ball
2-0: Swinging Strike
2-1: Fly out, F9 (Flyball, 9LS, EV 89.4 MPH)
Batting: LHB Mark Cummings 0-0: Ball
1-0: SINGLE (Groundball, 56S, EV 70.0 MPH) (infield hit)
Michael Alvarado to third
Batting: SHB Dan Trainer 0-0: Fielders Choice at 2nd, 4-6 (Groundball, 4, EV 81.2 MPH)
Michael Alvarado scores
Batting: RHB Issac Konol 0-0: Ball
1-0: Ball
2-0: Ball
3-0: Called Strike
3-1: SINGLE (Groundball, 34D, EV 104.4 MPH)
Dan Trainer to second
Runner from 2nd tries for 3rd, SAFE, throw by RF made to third
Batting: RHB Andy Knerr 0-0: Fly out, F8 (Flyball, 8RM, EV 94.4 MPH)
Top of the 3rd over - 1 run, 3 hits, 0 errors, 2 left on base; UCLA 1 - Rice University 0
BOTTOM OF THE 3RD
Rice University Owls batting - Pitching for UCLA Bruins : RHP Billy McKinzie
Batting: RHB Javier Quinones 0-0: Called Strike
0-1: Swinging Strike
0-2: Ball
1-2: Ground out 1-3 (Groundball, 13, EV 64.4 MPH)
Batting: RHB Jose Soto 0-0: Ball
1-0: Swinging Strike
1-1: Called Strike
1-2: Fly out, F9 (Flyball, 89M, EV 87.5 MPH)
Batting: SHB Ken Wilson 0-0: Foul Ball, location: 2F
0-1: Ground out 4-3 (Groundball, 4, EV 106.9 MPH)
Bottom of the 3rd over - 0 runs, 0 hits, 0 errors, 0 left on base; UCLA 1 - Rice University 0
TOP OF THE 4TH
UCLA Bruins batting - Pitching for Rice University Owls : RHP Manny Herrera
Batting: LHB Luis Ortegon 0-0: Foul Ball, location: 2F
0-1: Foul Ball, location: 2F
0-2: Ball
1-2: Ground out 6-3 (Groundball, 6, EV 89.4 MPH)
Batting: RHB Dave Spradley 0-0: Ball
1-0: Fly out, F8 (Flyball, 8RM, EV 82.5 MPH)
Batting: LHB Scott Mullett 0-0: Swinging Strike
0-1: Fly out, F8 (Flyball, 8LD, EV 85.6 MPH)
Top of the 4th over - 0 runs, 0 hits, 0 errors, 0 left on base; UCLA 1 - Rice University 0
BOTTOM OF THE 4TH
Rice University Owls batting - Pitching for UCLA Bruins : RHP Billy McKinzie
Batting: RHB Neil Worth 0-0: Called Strike
0-1: Called Strike
0-2: Ball
1-2: SINGLE (Groundball, 34D, EV 101.2 MPH)
Batting: LHB Chris Gonzales 0-0: Called Strike
0-1: Ball
1-1: Foul Ball, location: 2F
1-2: Strikes out swinging
Batting: RHB Alex Alvarez 0-0: Called Strike
0-1: Grounds into double play, 5-4-3 (Groundball, 56, EV 86.2 MPH)
Bottom of the 4th over - 0 runs, 1 hit, 0 errors, 0 left on base; UCLA 1 - Rice University 0
TOP OF THE 5TH
UCLA Bruins batting - Pitching for Rice University Owls : RHP Manny Herrera
Now at 1B: Wendel van Baal
Now at 2B: Emanuel Pulido
Batting: RHB Michael Alvarado 0-0: Called Strike
0-1: SINGLE (Line Drive, 8RS, EV 95.0 MPH)
Batting: RHB Ken Hillman 0-0: Bunted foul
0-1: Sac Bunt to 15S - play at second, runner OUT! 1-6
Batting: LHB Mark Cummings 0-0: Called Strike
0-1: Called Strike
0-2: Foul Ball, location: 2F
0-2: Strikes out looking
Batting: SHB Dan Trainer 0-0: Called Strike
0-1: SINGLE (Flyball, 4MD, EV 90.6 MPH)
Ken Hillman to second
Batting: RHB Issac Konol 0-0: Ball
1-0: Ball
2-0: Ground out 5-3 (Groundball, 56, EV 102.5 MPH)
Top of the 5th over - 0 runs, 2 hits, 0 errors, 2 left on base; UCLA 1 - Rice University 0
BOTTOM OF THE 5TH
Rice University Owls batting - Pitching for UCLA Bruins : RHP Billy McKinzie
Now at 3B: Alejandro Patron
Batting: RHB Allen Jarvis 0-0: Ground out 1-3 (Groundball, 13S, EV 65.6 MPH)
Batting: LHB Aldred Lieshout 0-0: Ball
1-0: Ball
2-0: Foul Ball, location: 2F
2-1: Ball
3-1: Foul Ball, location: 2F
3-2: Strikes out swinging
Pinch Hitting: SHB Dave Van Sickle 0-0: Ball
1-0: Ball
2-0: Ball
3-0: Called Strike
3-1: Called Strike
3-2: Fly out, F8 (Flyball, 78D, EV 109.4 MPH)
Bottom of the 5th over - 0 runs, 0 hits, 0 errors, 0 left on base; UCLA 1 - Rice University 0
TOP OF THE 6TH
UCLA Bruins batting - Pitching for Rice University Owls : RHP Manny Herrera
Pitching: LHP Joe Fleury
Now in RF: Dave Van Sickle
Batting: RHB Andy Knerr 0-0: Foul Ball, location: 2F
0-1: SINGLE (Line Drive, 78S, EV 95.6 MPH)
Batting: SHB Mike Beck 0-0: Ball
1-0: Swinging Strike
1-1: Fly out, F8 (Flyball, 8LM, EV 85.6 MPH)
Batting: RHB Dave Spradley 0-0: Foul Ball, location: 2F
0-1: Ball
1-1: Ball
2-1: Fly out, F8 (Flyball, 78D, EV 105.0 MPH)
Batting: LHB Scott Mullett 0-0: Called Strike
0-1: Called Strike
0-2: Ball
Andy Knerr steals 2nd base
1-2: Ground out 5-3 (Groundball, 56, EV 100.6 MPH)
Top of the 6th over - 0 runs, 1 hit, 0 errors, 1 left on base; UCLA 1 - Rice University 0
BOTTOM OF THE 6TH
Rice University Owls batting - Pitching for UCLA Bruins : RHP Billy McKinzie
Pitching: LHP Joe Landgraff
Batting: RHB Javier Quinones 0-0: Called Strike
0-1: Ball
1-1: Ball
2-1: Called Strike
2-2: Foul Ball, location: 2F
2-2: Strikes out swinging
Batting: RHB Jose Soto 0-0: DOUBLE (Flyball, 89D, EV 96.2 MPH)
Pinch Runner at 2nd Bill Turcotte:
Batting: SHB Ken Wilson 0-0: Ball
1-0: Swinging Strike
1-1: Ball
2-1: Foul Ball, location: 2F
2-2: Ball
3-2: Fly out, F8 (Flyball, 8LD, EV 86.2 MPH)
Batting: SHB Wendel van Baal 0-0: Ball
1-0: Called Strike
1-1: Ball
2-1: Ball
3-1: Called Strike
3-2: Foul Ball, location: 2F
3-2: Fly out, F7 (Line Drive, 7S, EV 96.9 MPH)
Bottom of the 6th over - 0 runs, 1 hit, 0 errors, 1 left on base; UCLA 1 - Rice University 0
TOP OF THE 7TH
UCLA Bruins batting - Pitching for Rice University Owls : LHP Joe Fleury
Pitching: RHP Nate Gulley
Now in LF: Steve Wipf
Batting: RHB Michael Alvarado 0-0: SINGLE (Groundball, 56S, EV 66.9 MPH) (infield hit)
Batting: RHB Alejandro Patron 0-0: Ball
1-0: Ball
2-0: Called Strike
2-1: Called Strike
2-2: Strikes out swinging
Batting: LHB Mark Cummings 0-0: Ball
1-0: Foul Ball, location: 2F
1-1: Ball
2-1: Called Strike
2-2: Foul Ball, location: 2F
2-2: Ball
3-2: Base on Balls
Michael Alvarado to second
Batting: SHB Dan Trainer 0-0: Called Strike
0-1: Called Strike
0-2: Ball
1-2: Ball
2-2: Strikes out swinging
Pitching: RHP Nick Brooks
Batting: RHB Issac Konol 0-0: Called Strike
0-1: DOUBLE (Line Drive, 89XD, EV 102.5 MPH)
Michael Alvarado scores
Mark Cummings to third
Batting: RHB Andy Knerr 0-0: Foul Ball, location: 2F
0-1: Foul Ball, location: 2F
0-2: Ball
1-2: Foul Ball, location: 2F
1-2: Fly out, F9 (Flyball, 89M, EV 76.9 MPH)
Top of the 7th over - 1 run, 2 hits, 0 errors, 2 left on base; UCLA 2 - Rice University 0
BOTTOM OF THE 7TH
Rice University Owls batting - Pitching for UCLA Bruins : LHP Joe Landgraff
Pitching: LHP Brad Victor
Batting: LHB Chris Gonzales 0-0: Ball
1-0: Fly out, F6 (Popup, 6M, EV 71.9 MPH)
Batting: RHB Emanuel Pulido 0-0: Foul Ball, location: 2F
0-1: Ball
1-1: Foul Ball, location: 2F
1-2: Foul Ball, location: 2F
1-2: Ground out 4-3 (Groundball, 4, EV 83.8 MPH)
Batting: RHB Allen Jarvis 0-0: Ball
1-0: Foul Ball, location: 2F
1-1: Ball
2-1: Fly out, F8 (Flyball, 8RD, EV 103.1 MPH)
Bottom of the 7th over - 0 runs, 0 hits, 0 errors, 0 left on base; UCLA 2 - Rice University 0
TOP OF THE 8TH
UCLA Bruins batting - Pitching for Rice University Owls : RHP Nick Brooks
Pitching: LHP Jose Ruiz
Batting: SHB Mike Beck 0-0: Foul Ball, location: 2F
0-1: Ball
1-1: Ball
2-1: Ground out 6-3 (Groundball, 6, EV 105.0 MPH)
Pitching: RHP Michael Benford
Batting: RHB Dave Spradley 0-0: Called Strike
0-1: Ball
1-1: Ball
2-1: Fly out, F8 (Flyball, 8LD, EV 87.5 MPH)
Batting: LHB Scott Mullett 0-0: Ball
1-0: Swinging Strike
1-1: Swinging Strike
1-2: Strikes out swinging
Top of the 8th over - 0 runs, 0 hits, 0 errors, 0 left on base; UCLA 2 - Rice University 0
BOTTOM OF THE 8TH
Rice University Owls batting - Pitching for UCLA Bruins : LHP Brad Victor
Batting: LHB Aldred Lieshout 0-0: Called Strike
0-1: Foul Ball, location: 2F
0-2: Ball
1-2: Strikes out swinging
Batting: SHB Dave Van Sickle 0-0: Called Strike
0-1: Called Strike
0-2: Ball
1-2: Strikes out swinging
Batting: RHB Javier Quinones 0-0: Called Strike
0-1: Ball
1-1: Foul Ball, location: 2F
1-2: Fly out, F9 (Flyball, 9S, EV 91.2 MPH)
Bottom of the 8th over - 0 runs, 0 hits, 0 errors, 0 left on base; UCLA 2 - Rice University 0
TOP OF THE 9TH
UCLA Bruins batting - Pitching for Rice University Owls : RHP Michael Benford
Pitching: LHP Bill Cheatham
Pinch Hitting: RHB Adam Beal 0-0: Foul Ball, location: 2F
0-1: Ball
1-1: Ball
2-1: Foul Ball, location: 2F
2-2: Strikes out swinging
Batting: RHB Alejandro Patron 0-0: Ball
1-0: Called Strike
1-1: Foul Ball, location: 2F
1-2: Strikes out swinging
Batting: LHB Mark Cummings 0-0: Ball
1-0: Ball
2-0: Called Strike
2-1: Ball
3-1: Foul Ball, location: 2F
3-2: Base on Balls
Batting: SHB Dan Trainer 0-0: Ball
1-0: Ball
2-0: Ball
3-0: Called Strike
3-1: Fielders Choice at 2nd, 6-4 (Groundball, 6, EV 106.2 MPH)
Top of the 9th over - 0 runs, 0 hits, 0 errors, 1 left on base; UCLA 2 - Rice University 0
BOTTOM OF THE 9TH
Rice University Owls batting - Pitching for UCLA Bruins : LHP Brad Victor
Pitching: RHP Juan Zatarain
Now at 2B: Adam Beal
Batting: SHB Steve Wipf 0-0: Foul Ball, location: 2F
0-1: Ball
1-1: Ball
2-1: SOLO HOME RUN (Flyball, 89XD, EV 110.6 MPH), Distance : 419 ft
Batting: SHB Ken Wilson 0-0: Called Strike
0-1: Called Strike
0-2: Ball
1-2: Ball
2-2: Ball
3-2: Foul Ball, location: 2F
3-2: Fly out, F8 (Flyball, 78D, EV 92.5 MPH)
Batting: SHB Wendel van Baal 0-0: Called Strike
0-1: Called Strike
0-2: Ball
1-2: Ball
2-2: Foul Ball, location: 2F
2-2: Strikes out looking
Batting: LHB Chris Gonzales 0-0: Foul Ball, location: 2F
0-1: Swinging Strike
0-2: Ball
1-2: Foul Ball, location: 2F
1-2: Fly out, F7 (Flyball, 78M, EV 95.6 MPH)
Bottom of the 9th over - 1 run, 1 hit, 0 errors, 0 left on base; UCLA 2 - Rice University 1
Tuesday, March 28th , 2023 - OOTP Baseball 23.10 Build 110